 Dungeon Crawl Stone Soup version 0.23-a0-494-g91793a9 (webtiles) character file.

144 Leeroy the Charmwright (level 5, -3/43 HPs)
             Began as a Gnoll Skald on Dec 3, 2018.
             Slain by a centaur skeleton (7 damage)
             ... on level 4 of the Dungeon.
             The game lasted 00:11:02 (2968 turns).

Leeroy the Charmwright (Gnoll Skald)                Turns: 2968, Time: 00:11:03

Health: -3/43      AC:  3    Str: 15    XL:     5   Next: 26%
Magic:  2/12       EV: 14    Int: 15    God:
Gold:   211        SH:  0    Dex: 14    Spells: 2/14 levels left

rFire    . . .     SeeInvis .   E - +1 dagger (elec)
rCold    . . .     Gourm    .   (no shield)
rNeg     . . .     Faith    .   b - +0 leather armour
rPois    .         Spirit   .   (no helmet)
rElec    .         Reflect  .   (no cloak)
rCorr    .         Harm     .   (no gloves)
MR       .....                  (no boots)
Stlth    ++........             (no amulet)
HPRegen  0.14/turn              (no ring)
MPRegen  0.13/turn              (no ring)

@: very slightly contaminated
A: distributed training, fangs 1, strong nose
a: no special abilities


You were on level 4 of the Dungeon.
You were near starving.

You visited 1 branch of the dungeon, and saw 4 of its levels.

You collected 211 gold pieces.

Inventory:

Hand Weapons
 a - a +0 falchion
 g - a +0 dagger
 n - a +0 short sword
 r - a +0 short sword
 s - a +0 hunting sling
 E - a +1 dagger of electrocution (weapon)
Missiles
 e - 183 stones (quivered)
 h - 11 arrows
 j - 50 bolts
 p - 9 poisoned needles
 w - 2 throwing nets
 A - 4 tomahawks
 D - 5 javelins
Armour
 b - a +0 leather armour (worn)
 u - a +0 cloak
 C - a +0 ring mail
Jewellery
 c - an uncursed ring of fire {unknown}
Wands
 y - a wand of flame (13)
Scrolls
 f - a scroll of noise {unknown}
 k - 3 scrolls of identify {unknown}
 l - a scroll of amnesia {unknown}
 m - 2 scrolls of enchant weapon {unknown}
 o - 2 scrolls of remove curse {unknown}
 q - a scroll of fog {unknown}
 t - a scroll of blinking {unknown}
 x - a scroll of enchant armour {unknown}
Potions
 i - a potion of lignification {unknown}
 z - 3 potions of might {unknown}
 B - a potion of berserk rage {unknown}
Comestibles
 d - 11 rations


   Skills:
 + Level 4.7 Fighting
 + Level 1.4 Short Blades
 + Level 4.7 Long Blades
 + Level 1.4 Axes
 + Level 1.4 Maces & Flails
 + Level 1.4 Polearms
 + Level 1.4 Staves
 + Level 1.4 Slings
 + Level 1.4 Bows
 + Level 1.4 Crossbows
 + Level 1.4 Throwing
 + Level 2.9 Armour
 + Level 4.7 Dodging
 + Level 1.4 Stealth
 + Level 1.4 Shields
 + Level 1.4 Unarmed Combat
 + Level 5.1 Spellcasting
 + Level 1.1 Conjurations
 + Level 1.1 Hexes
 + Level 5.5 Charms
 + Level 1.1 Summonings
 + Level 1.1 Necromancy
 + Level 1.1 Translocations
 + Level 1.1 Transmutations
 + Level 1.1 Fire Magic
 + Level 1.1 Ice Magic
 + Level 1.1 Air Magic
 + Level 1.1 Earth Magic
 + Level 1.1 Poison Magic
 + Level 1.5 Invocations
 + Level 1.4 Evocations


You had 2 spell levels left.
You knew the following spells:

 Your Spells              Type           Power        Failure   Level  Hunger
a - Infusion              Chrm           ###.         1%          1    None
b - Song of Slaying       Chrm           ###.....     3%          2    ##.....
c - Shroud of Golubria    Chrm/Tloc      ##........   8%          2    ##.....
d - Regeneration          Chrm/Necr      ##........   16%         3    ###....
e - Spectral Weapon       Hex/Chrm       ##......     16%         3    ###....
f - Confusing Touch       Hex            #.....       12%         1    None

Your spell library contained the following spells:

 Spells                   Type           Power        Failure   Level  Hunger
 Confuse                  Hex            #.......     36%         3    ###....
 Gell's Gravitas          Tloc           #.........   36%         3    ###....
 Petrify                  Tmut/Erth      #.......     77%         4    ####...
 Metabolic Englaciation   Hex/Ice        #.........   98%         5    ######.
 Yara's Violent Unravell  Hex/Tmut       #.........   98%         5    ######.


Dungeon Overview and Level Annotations

Branches:
Dungeon (4/15)
 Temple: D:4-7

Altars:
Ashenzari
Qazlal


Innate Abilities, Weirdness & Mutations

Your experience applies equally to all skills.
You have very sharp teeth.
Your uncanny sense of smell can sniff out nearby items.


Message History

You hit the orc wizard.
The orc wizard is heavily wounded.
The orc wizard barely misses you. The centaur skeleton misses you.
The orc wizard hits you with a cursed -1 dagger.
You barely miss the orc wizard.
The orc wizard is heavily wounded.
You are near starving!
The centaur skeleton misses you. The orc wizard closely misses you.
You barely miss the orc wizard. You bite the orc wizard.
The orc wizard is heavily wounded.
The centaur skeleton misses you. The orc wizard misses you.
You closely miss the orc wizard.
The orc wizard is heavily wounded.
The orc wizard hits you but does no damage.
The centaur skeleton hits you.
The orc wizard gestures at you while chanting.
The puff of flame hits you!
* * * LOW HITPOINT WARNING * * *
The centaur skeleton hits you!
You die...

#.......oSo#....%.
####.#####....#
#.# #..#.# #o#
#...# #
##.###......
##...#...$...#
#.#.o.....S....
##Z#o#.......###
##@###......# ###
##...#.# #.# .#


You could see an orc wizard, an orc and a centaur skeleton.

Vanquished Creatures
  6 adders
  2 oozes (D:3)
  3 worms
  A dart slug (D:1)
  A leopard gecko (D:3)
  An orc (D:3)
  6 bats
  6 giant cockroaches
  8 goblins
  4 hobgoblins
  11 jackals
  2 frilled lizards (D:2)
  10 kobolds
  2 rats (D:3)
63 creatures vanquished.

Notes
Turn   | Place    | Note
-------+----------+-------------------------------------------
     0 | D:1      | Leeroy the Gnoll Skald began the quest for the Orb.
     0 | D:1      | Reached XP level 1. HP: 20/20 MP: 6/6
    27 | D:1      | Reached XP level 2. HP: 24/26 MP: 7/7
    62 | D:1      | Learned a level 2 spell: Song of Slaying
    65 | D:1      | Learned a level 2 spell: Shroud of Golubria
   286 | D:1      | Reached XP level 3. HP: 28/31 MP: 9/9
   291 | D:1      | Learned a level 3 spell: Regeneration
   295 | D:1      | Learned a level 3 spell: Spectral Weapon
   538 | D:2      | Reached skill level 5 in Spellcasting
   625 | D:2      | Reached skill level 1 in Invocations
   712 | D:2      | Found a shattered altar of Ashenzari.
   849 | D:2      | Reached skill level 1 in Short Blades
   849 | D:2      | Reached skill level 1 in Axes
   849 | D:2      | Reached skill level 1 in Maces & Flails
   849 | D:2      | Reached skill level 1 in Polearms
   849 | D:2      | Reached skill level 1 in Staves
   849 | D:2      | Reached skill level 1 in Slings
   849 | D:2      | Reached skill level 1 in Bows
   849 | D:2      | Reached skill level 1 in Crossbows
   849 | D:2      | Reached skill level 1 in Throwing
   849 | D:2      | Reached skill level 1 in Stealth
   849 | D:2      | Reached skill level 1 in Shields
   849 | D:2      | Reached skill level 1 in Unarmed Combat
   849 | D:2      | Reached skill level 1 in Evocations
   849 | D:2      | Reached XP level 4. HP: 28/38 MP: 11/11
   933 | D:2      | Found a stormy altar of Qazlal.
   941 | D:2      | Learned a level 1 spell: Confusing Touch
  2033 | D:3      | Reached skill level 1 in Conjurations
  2033 | D:3      | Reached skill level 1 in Hexes
  2033 | D:3      | Reached skill level 1 in Summonings
  2033 | D:3      | Reached skill level 1 in Necromancy
  2033 | D:3      | Reached skill level 1 in Translocations
  2033 | D:3      | Reached skill level 1 in Transmutations
  2033 | D:3      | Reached skill level 1 in Fire Magic
  2033 | D:3      | Reached skill level 1 in Ice Magic
  2033 | D:3      | Reached skill level 1 in Air Magic
  2033 | D:3      | Reached skill level 1 in Earth Magic
  2033 | D:3      | Reached skill level 1 in Poison Magic
  2415 | D:3      | Reached XP level 5. HP: 34/43 MP: 12/12
  2968 | D:4      | Slain by a centaur skeleton

Vault maps used:
D:1:      lightli_molten_gateway
D:2:      nicolae_overflow_crystal_walls, first_ration, ashenzari_altar_1
D:4:      lemuel_round_altar, grunt_ministairs_11, minmay_ruined_shrine

Skill      XL: |  1  2  3  4 |
---------------+-------------+-----
Spellcasting   | 5 |  5.1
Invocations    | 1 |  1.5
Short Blades   | 1 |  1.4
Axes           | 1 |  1.4
Maces & Flails | 1 |  1.4
Polearms       | 1 |  1.4
Staves         | 1 |  1.4
Slings         | 1 |  1.4
Bows           | 1 |  1.4
Crossbows      | 1 |  1.4
Throwing       | 1 |  1.4
Stealth        | 1 |  1.4
Shields        | 1 |  1.4
Unarmed Combat | 1 |  1.4
Evocations     | 1 |  1.4
Conjurations   | 1 |  1.1
Hexes          | 1 |  1.1
Summonings     | 1 |  1.1
Necromancy     | 1 |  1.1
Translocations | 1 |  1.1
Transmutations | 1 |  1.1
Fire Magic     | 1 |  1.1
Ice Magic      | 1 |  1.1
Air Magic      | 1 |  1.1
Earth Magic    | 1 |  1.1
Poison Magic   | 1 |  1.1
Fighting       | |  4.7
Long Blades    | |  4.7
Armour         | |  2.9
Dodging        | |  4.7
Charms         | |  5.5

Action                   |  1- 3 |  4- 6 || total
-------------------------+-------+-------++-------
Melee: Falchion          |    87 |   134 ||   221
       Bite              |    10 |    18 ||    28
       Punch             |       |     2 ||     2
       Dagger            |       |     5 ||     5
 Cast: Infusion          |     1 |       ||     1
       Song of Slaying   |     2 |       ||     2
       Regeneration      |     1 |     3 ||     4
       Shroud of Golubri |     1 |     1 ||     2
       Confusing Touch   |       |     2 ||     2
  Use: Potion            |       |     1 ||     1
 Stab: Sleeping          |     1 |     4 ||     5
  Eat: Chunk             |       |     6 ||     6
Armor: Leather armour    |    27 |    41 ||    68
Dodge: Dodged            |    87 |   104 ||   191
       Rpst.: Falchion   |    28 |    28 ||    56

Table legend:
 A = Non-vault XP
 B = Vault XP
 C = Vault XP percentage of total XP
 D = Non-vault monster count
 E = Vault monster count
 F = Vault count percentage of total count
                 A         B        C        D         E       F
            +---------+---------+-------+---------+---------+-------
      Total |     206 |       0 |   0.0 |      63 |       0 |   0.0
            +---------+---------+-------+---------+---------+-------
        D:1 |      37 |       0 |   0.0 |      19 |       0 |   0.0
        D:2 |      60 |       0 |   0.0 |      19 |       0 |   0.0
        D:3 |      95 |       0 |   0.0 |      24 |       0 |   0.0
        D:4 |      14 |       0 |   0.0 |       1 |       0 |   0.0
            +---------+---------+-------+---------+---------+-------
